[Event "Titled Tuesday Blitz March 01 Early 2022"]
[White "Svane, Frederik"]
[Black "Karttunen, Mika"]
[WhiteFideId "12923044"]
[BlackFideId "502081"]
[WhiteElo "2459"]
[BlackElo "2343"]
[Result "1/2-1/2"]
[Round "02"]
[TimeControl "180+1"]
[Date "2022.03.01"]
[WhiteClock "0:00:12"]
[BlackClock "0:00:24"]

1. e4 e5 2. Bc4 Nc6 3. d3 Nf6 4. Nc3 Na5 5. Nge2 Be7 6. O-O O-O 7. Ng3 c6 8. Nf5 Nxc4 9. dxc4 d6 10. Qf3 Bxf5 11. Qxf5 Qc8 12. Qf3 Qe6 13. b3 Nd7 14. Qf5 g6 15. Qxe6 fxe6 16. Be3 b6 17. a4 a5 18. Rad1 Rad8 19. Rd3 Kg7 20. Rfd1 Nc5 21. R3d2 h6 22. h3 g5 23. g4 Kg6 24. Kg2 h5 25. f3 h4 26. Ne2 Kf6 27. Nc1 Rb8 28. Rxd6 Bxd6 29. Rxd6 Rbc8 30. Bxc5 bxc5 31. Rd7 Rfd8 32. Rxd8 Rxd8 33. Nd3 Rxd3 34. cxd3 Ke7 35. Kf2 Kd6 36. Ke3 Ke7 37. Kd2 Kd6 38. Kc3 Kd7 39. Kc2 Kd6 40. Kd1 Kd7 41. Ke2 Kd6 42. Ke3 Ke7 43. Kd2 Kd6 44. Ke2 Ke7 45. Kd1 Kd6 46. Kc2 Ke7 47. Kc3 Kd6 48. Kb2 Ke7 49. Kc1 Kd6 50. Kd2 Ke7 51. Ke1 Kd6 52. Kf1 Ke7 53. Kg2 Kd6 54. Kg1 Ke7 55. Kf2 Kd6 56. Ke2 Ke7 57. Kd2 1/2-1/2


[Site "https://www.chess.com"]

[Event "Titled Tuesday Blitz March 01 Early 2022"]
[White "Tarasova, Viktoriya"]
[Black "Sychev, Klementy"]
[WhiteFideId "4175840"]
[BlackFideId "4114060"]
[WhiteElo "2182"]
[BlackElo "2564"]
[Result "0-1"]
[Round "02"]
[TimeControl "180+1"]
[Date "2022.03.01"]
[WhiteClock "0:01:58"]
[BlackClock "0:01:44"]

1. d4 e6 2. c4 b6 3. Nc3 Bb7 4. e4 Bb4 5. f3 f5 6. exf5 Nh6 7. fxe6 Nf5 8. Bf4 dxe6 9. Qa4+ Nc6 10. O-O-O Bxc3 11. bxc3 O-O 12. Ne2 Na5 13. d5 exd5 14. cxd5 Qe8 15. Ng3 Qxa4 0-1


[Site "https://www.chess.com"]

[Event "Titled Tuesday Blitz March 01 Early 2022"]
[White "Tasev, Dejan"]
[Black "Politov, Pavel Y."]
[WhiteFideId "936618"]
[BlackFideId "24110515"]
[WhiteElo "2253"]
[BlackElo "2090"]
[Result "1-0"]
[Round "02"]
[TimeControl "180+1"]
[Date "2022.03.01"]
[WhiteClock "0:00:35"]
[BlackClock "0:00:05"]

1. e4 c5 2. Nf3 d6 3. Nc3 Nf6 4. d4 cxd4 5. Nxd4 a6 6. Bc4 e6 7. Bb3 Be7 8. f4 Nbd7 9. O-O Nc5 10. f5 e5 11. Nde2 b5 12. a3 Nxb3 13. cxb3 Bb7 14. Ng3 O-O 15. Bg5 Qb6+ 16. Kh1 b4 17. Bxf6 Bxf6 18. Nd5 Bxd5 19. Qxd5 bxa3 20. bxa3 Rab8 21. b4 Be7 22. Nh5 Qb5 23. Qd1 f6 24. Qg4 Rf7 25. Rf3 d5 26. Rg3 Bf8 27. exd5 Qxd5 28. h3 a5 29. Rd1 Qb5 30. Qh4 Kh8 31. Rg4 axb4 32. axb4 Qe2 33. Rb1 Qc2 34. Rf1 Rxb4 35. Rxb4 Bxb4 36. Qxb4 Kg8 37. Ng3 Qd3 38. Kh2 Rf8 39. Rf3 Qd4 40. Qxd4 exd4 41. Rd3 Rd8 42. Ne2 Rd5 43. Nxd4 g6 44. fxg6 hxg6 45. Kg3 Kf7 46. Kf3 f5 47. Ke3 Kf6 48. Nf3 Ra5 49. Rd6+ Kg7 50. h4 Ra3+ 51. Kf2 Ra2+ 52. Kg3 Kh6 53. Rd7 Ra8 54. Ng5 Rh8 55. Nf7+ Kg7 56. Nxh8+ Kxh8 57. Kf4 1-0


[Site "https://www.chess.com"]

[Event "Titled Tuesday Blitz March 01 Early 2022"]
[White "Ter-Sahakyan, Samvel"]
[Black "Goltseva, Ekaterina"]
[WhiteFideId "13302531"]
[BlackFideId "24173770"]
[WhiteElo "2592"]
[BlackElo "2140"]
[Result "1-0"]
[Round "02"]
[TimeControl "180+1"]
[Date "2022.03.01"]
[WhiteClock "0:00:39"]
[BlackClock "0:00:06"]

1. e4 e5 2. Nf3 Nc6 3. Bb5 a6 4. Ba4 Nf6 5. O-O Be7 6. Re1 b5 7. Bb3 d6 8. c3 O-O 9. h3 Nd7 10. d4 Bf6 11. Be3 Na5 12. Bc2 Nc4 13. Bc1 Bb7 14. a4 exd4 15. cxd4 c5 16. b3 cxd4 17. Nxd4 Nce5 18. axb5 Nc5 19. b4 Ne6 20. Nxe6 fxe6 21. bxa6 Bxa6 22. Ra3 Qb6 23. Be3 Qxb4 24. Ra4 Qb2 25. Nd2 Rfc8 26. Bb3 Kf7 27. Bd4 Nf3+ 28. Nxf3 Bxd4 29. Nxd4 Bb5 30. Nxb5 Rxa4 31. Nxd6+ Kg8 32. Bxe6+ Kh8 33. Nxc8 Rd4 34. Qf3 Rd8 35. Nd6 Qb4 36. Nf7+ Kg8 37. Nxd8+ Kh8 38. Nf7+ Kg8 39. Rd1 1-0


[Site "https://www.chess.com"]

[Event "Titled Tuesday Blitz March 01 Early 2022"]
[White "Tillis., Bryan"]
[Black "Barbashin, Igor"]
[WhiteFideId "2059053"]
[BlackFideId "4155718"]
[WhiteElo "2478"]
[BlackElo "2138"]
[Result "1-0"]
[Round "02"]
[TimeControl "180+1"]
[Date "2022.03.01"]
[WhiteClock "0:00:08"]
[BlackClock "0:00:16"]

1. c4 Nf6 2. Nf3 e6 3. g3 c5 4. Bg2 Nc6 5. O-O Be7 6. Nc3 O-O 7. d4 cxd4 8. Nxd4 d5 9. cxd5 exd5 10. Be3 Re8 11. h3 Bb4 12. Rc1 Rxe3 13. fxe3 Qe7 14. Nxc6 Qxe3+ 15. Kh2 bxc6 16. Qd3 Qe5 17. e4 d4 18. Ne2 c5 19. Nf4 a5 20. a3 Ba6 21. Qc2 Bxf1 22. Rxf1 Rd8 23. axb4 axb4 24. Nd5 d3 25. Qxd3 Nxd5 26. exd5 Qxb2 27. d6 Qd4 28. Qxd4 cxd4 29. Rb1 Rxd6 30. Rxb4 g6 31. Rb2 Kg7 32. Rd2 Kf6 33. Kg1 Ke5 34. Kf2 Rb6 35. Bf1 Rb3 36. Bd3 f5 37. Re2+ Kf6 38. Rd2 Ke5 39. Ba6 Ra3 40. Bc4 Rc3 41. Bf7 Ke4 42. Re2+ Kd3 43. Re7 g5 44. Bg8 g4 45. hxg4 fxg4 46. Bxh7+ Kc4 47. Rc7+ Kb3 48. Rg7 d3 49. Bxd3 Rxd3 50. Rxg4 Kc3 51. Re4 Rd4 52. Kf3 Rd1 53. g4 Kd3 54. Re8 Rf1+ 55. Kg3 Kd4 56. Kh4 Kd5 57. Kh5 Kd6 58. g5 Kd7 59. Re2 Rf7 60. Kh6 Rf1 61. g6 Rh1+ 62. Kg7 Rf1 63. Kh7 Rh1+ 64. Kg8 Rg1 65. g7 Rg3 66. Re4 Rg1 67. Kf7 Rf1+ 68. Kg6 Rg1+ 69. Kf6 Rf1+ 70. Kg5 1-0


[Site "https://www.chess.com"]

[Event "Titled Tuesday Blitz March 01 Early 2022"]
[White "Timofeev, Artyom"]
[Black "Brunner, Nicolas"]
[WhiteFideId "4140419"]
[BlackFideId "620246"]
[WhiteElo "2583"]
[BlackElo "2372"]
[Result "1-0"]
[Round "02"]
[TimeControl "180+1"]
[Date "2022.03.01"]
[WhiteClock "0:01:26"]
[BlackClock "0:00:01"]

1. c4 c5 2. Nf3 Nc6 3. Nc3 g6 4. g3 Bg7 5. Bg2 e5 6. O-O Nge7 7. Ne1 d6 8. Nc2 Be6 9. Ne3 Qd7 10. Ncd5 O-O 11. d3 Bh3 12. Bd2 Bxg2 13. Kxg2 Nxd5 14. Nxd5 Ne7 15. a4 Nxd5 16. cxd5 b5 17. axb5 Qxb5 18. Bc3 a5 19. Qa4 Rfb8 20. Qxb5 Rxb5 21. Ra4 Bf6 22. f4 Re8 23. e4 Kg7 24. f5 Bd8 25. g4 h5 26. gxh5 gxh5 27. Kf3 Rg8 28. Rg1+ Kh7 29. Raa1 Rxg1 30. Rxg1 Bf6 31. Ra1 Bd8 32. Ke2 Kh6 33. Rg1 Bg5 34. Kd1 h4 35. Kc2 Kh5 36. h3 Kh6 37. Ra1 Bd8 38. Bd2+ Kh5 39. Rg1 Bf6 40. Rg8 a4 41. Ra8 1-0


[Site "https://www.chess.com"]

[Event "Titled Tuesday Blitz March 01 Early 2022"]
[White "Topalov, Aleksandar"]
[Black "Lauridsen, Jesper Morch"]
[WhiteFideId "925659"]
[BlackFideId "1401890"]
[WhiteElo "2098"]
[BlackElo "2169"]
[Result "1-0"]
[Round "02"]
[TimeControl "180+1"]
[Date "2022.03.01"]
[WhiteClock "0:01:17"]
[BlackClock "0:01:10"]

1. b3 a5 2. a3 b5 3. Bb2 Bb7 4. Nf3 b4 5. e3 Nf6 6. Be2 e6 7. O-O Be7 8. c4 bxc3 9. dxc3 d5 10. b4 a4 11. c4 dxc4 12. Bxc4 O-O 13. Nc3 Qxd1 14. Rfxd1 Bxf3 15. gxf3 Nbd7 16. Rac1 c5 17. b5 Nb6 18. Ba2 Rfd8 19. e4 Nh5 20. Ne2 Rxd1+ 21. Rxd1 Rd8 22. Rxd8+ Bxd8 23. Bc3 Bc7 24. Ba5 Kf8 25. Nc3 Nf4 26. Nxa4 Nxa4 27. Bxc7 Nc3 28. Bxf4 Nxa2 29. b6 Nc3 30. Bd6+ 1-0


[Site "https://www.chess.com"]

[Event "Titled Tuesday Blitz March 01 Early 2022"]
[White "Tsvetkov, Andrey"]
[Black "Kett, Tim"]
[WhiteFideId "34139360"]
[BlackFideId "1801210"]
[WhiteElo "2280"]
[BlackElo "2098"]
[Result "1-0"]
[Round "02"]
[TimeControl "180+1"]
[Date "2022.03.01"]
[WhiteClock "0:01:15"]
[BlackClock "0:00:01"]

1. d4 d5 2. c4 e6 3. Nc3 Nf6 4. cxd5 exd5 5. Bg5 c6 6. e3 Be7 7. Bd3 O-O 8. Qc2 Nbd7 9. Nge2 Re8 10. O-O h6 11. Bh4 Ne4 12. Bxe7 Qxe7 13. Bxe4 dxe4 14. d5 Qh4 15. dxc6 bxc6 16. Nd4 Nf6 17. Nxc6 Bh3 18. gxh3 Qxh3 19. Qe2 Rac8 20. Nd4 Rc5 21. f4 Ng4 22. Rae1 Rh5 23. Qg2 Nxe3 24. Qxh3 Rxh3 25. Rf2 Ng4 26. Rg2 Nf6 27. Rg3 Rh4 28. Rxg7+ Kxg7 29. Nf5+ Kh7 30. Nxh4 Rd8 31. Nxe4 Nxe4 32. Rxe4 Rd2 33. Re7 1-0


[Site "https://www.chess.com"]

[Event "Titled Tuesday Blitz March 01 Early 2022"]
[White "Urbina Quiroz, Edwin"]
[Black "Tymrakiewicz, Rafal"]
[WhiteFideId "6500650"]
[BlackFideId "1108832"]
[WhiteElo "2130"]
[BlackElo "2205"]
[Result "0-1"]
[Round "02"]
[TimeControl "180+1"]
[Date "2022.03.01"]
[WhiteClock "0:00:17"]
[BlackClock "0:00:45"]

1. e4 d5 2. exd5 Nf6 3. c4 c6 4. d4 cxd5 5. Nc3 g6 6. cxd5 Bg7 7. Be2 O-O 8. Bf3 Nbd7 9. Nge2 Nb6 10. Nf4 h6 11. h4 h5 12. O-O Bg4 13. Re1 Re8 14. a4 Rc8 15. a5 Nc4 16. Qd3 Nxa5 17. d6 b6 18. dxe7 Rxe7 19. Rxe7 Qxe7 20. Nfd5 Qd8 21. Bg5 Bf5 22. Qa6 Nb3 23. Ra3 Nxd4 24. Qxc8 Nxf3+ 25. gxf3 Bxc8 26. Rxa7 Be6 27. Kg2 Bxd5 0-1


[Site "https://www.chess.com"]

[Event "Titled Tuesday Blitz March 01 Early 2022"]
[White "Valle Maytin, Luis Enrique"]
[Black "Jarocka, Liwia"]
[WhiteFideId "3503666"]
[BlackFideId "21807558"]
[WhiteElo "2051"]
[BlackElo "1896"]
[Result "0-1"]
[Round "02"]
[TimeControl "180+1"]
[Date "2022.03.01"]
[WhiteClock "0:00:05"]
[BlackClock "0:00:25"]

1. e4 d6 2. d4 Nf6 3. Bd3 e5 4. c3 Be7 5. Nf3 Nbd7 6. O-O O-O 7. Nbd2 c6 8. Qc2 Re8 9. b3 Bf8 10. Bb2 g6 11. c4 Bg7 12. dxe5 Nxe5 13. Nxe5 dxe5 14. Nf3 Nd7 15. Rad1 Qe7 16. a3 a5 17. Rfe1 Nc5 18. b4 axb4 19. axb4 Nxd3 20. Qxd3 Qxb4 21. Bc3 Qe7 22. Qb1 Bg4 23. Rd3 Bxf3 24. Rxf3 Reb8 25. Qb2 b5 26. c5 Qxc5 27. Bb4 Qc4 28. Rc3 Qe6 29. Rd3 Ra2 30. Qb1 Rba8 31. Rd6 Qc4 32. Red1 h5 33. Rc1 Qe2 34. Bc5 R8a4 35. Qb3 Qb2 36. Qd1 Rxe4 37. h3 Rf4 38. Rb1 Qc2 39. Qxc2 Rxc2 40. Rxc6 e4 41. Rxb5 Rf5 42. Rb8+ Kh7 43. Rbc8 Rc1+ 44. Kh2 Be5+ 45. g3 h4 46. Be3 Rxc6 47. Rxc6 Rf3 0-1


[Site "https://www.chess.com"]

[Event "Titled Tuesday Blitz March 01 Early 2022"]
[White "Vifleemskaia, Svetlana"]
[Black "Goltsev, Dmitry"]
[WhiteFideId "4129490"]
[BlackFideId "24176710"]
[WhiteElo "1901"]
[BlackElo "2273"]
[Result "0-1"]
[Round "02"]
[TimeControl "180+1"]
[Date "2022.03.01"]
[WhiteClock "0:00:01"]
[BlackClock "0:02:12"]

1. d4 Nf6 2. c4 e6 3. Nc3 Bb4 4. e3 b6 5. Ne2 Bb7 6. a3 Be7 7. b4 a5 8. b5 d5 9. Nf4 O-O 10. a4 dxc4 11. Bxc4 Nbd7 12. O-O e5 13. Nfe2 exd4 14. exd4 Bd6 15. Bf4 Qe7 16. Re1 Bxf4 17. Nxf4 Qb4 18. Qb3 Qd6 19. Nfe2 Ng4 20. g3 Nxh2 21. Bd5 Nf3+ 22. Kg2 Nxe1+ 23. Rxe1 Bxd5+ 24. Qxd5 Nf6 25. Qxd6 cxd6 26. Nf4 Rfe8 27. Rd1 Rac8 28. Ncd5 Nxd5 29. Nxd5 Rb8 30. Rc1 Re4 31. Rc6 Rxd4 32. Rxd6 Kf8 33. Rxb6 Rxb6 34. Nxb6 Ke7 35. Kf3 Kd6 36. Ke3 Kc5 37. Nc8 Rd8 38. Na7 Kb6 39. Nc6 Rd1 40. Ne5 f6 41. Nc4+ Kc5 42. Nxa5 Kb4 43. Nc6+ Kxa4 44. b6 Rb1 45. Nd8 Rxb6 0-1


[Site "https://www.chess.com"]

[Event "Titled Tuesday Blitz March 01 Early 2022"]
[White "Vivas Zamora, Fabian Ernesto"]
[Black "Araujo Filho, Luiz Antonio Coel"]
[WhiteFideId "3902480"]
[BlackFideId "2130661"]
[WhiteElo "1966"]
[BlackElo "2154"]
[Result "1-0"]
[Round "02"]
[TimeControl "180+1"]
[Date "2022.03.01"]
[WhiteClock "0:00:48"]
[BlackClock "0:00:20"]

1. c4 f5 2. Nc3 Nf6 3. g3 g6 4. Bg2 Bg7 5. d3 O-O 6. e4 fxe4 7. dxe4 d6 8. Nge2 e5 9. h3 Nc6 10. O-O h6 11. Be3 Kh7 12. Qd2 a6 13. Rad1 Be6 14. Nd5 Nh5 15. c5 Bxd5 16. Qxd5 dxc5 17. Bxc5 Re8 18. Qxd8 Raxd8 19. Nc3 Nd4 20. Nd5 Rd7 21. Bxd4 exd4 22. g4 Nf6 23. Rxd4 Nxg4 24. Rd2 Ne5 25. f4 Nc4 26. Nf6+ Bxf6 27. Rxd7+ Kg8 28. e5 Be7 29. Bd5+ 1-0


[Site "https://www.chess.com"]

[Event "Titled Tuesday Blitz March 01 Early 2022"]
[White "Vlassov, Nikolai"]
[Black "Svane, Rasmus"]
[WhiteFideId "4103360"]
[BlackFideId "4657101"]
[WhiteElo "2630"]
[BlackElo "2915"]
[Result "1-0"]
[Round "02"]
[TimeControl "180+1"]
[Date "2022.03.01"]
[WhiteClock "0:00:15"]
[BlackClock "0:00:04"]

1. e4 c6 2. d4 d5 3. e5 Bf5 4. Nc3 e6 5. g4 Bg6 6. Nge2 c5 7. Be3 Nc6 8. dxc5 h5 9. Nd4 hxg4 10. Bb5 Ne7 11. Qxg4 Qc7 12. f4 O-O-O 13. Bxc6 bxc6 14. b4 Nf5 15. Qe2 Rh3 16. Nxf5 Bxf5 17. O-O-O Qb7 18. a3 a5 19. Rd4 Qa7 20. Kd2 Be7 21. Na4 Kc7 22. Rb1 Rdh8 23. Bg1 Rxa3 24. b5 cxb5 25. Qxb5 Rb8 26. Qb6+ Qxb6 27. cxb6+ Kc6 28. c4 Bb4+ 29. Rxb4 axb4 30. cxd5+ exd5 31. Rxb4 Ra2+ 32. Kc3 Rh8 33. b7 Rh3+ 34. Kd4 Rg3 35. hxg3 Rd2+ 36. Kc3 Rc2+ 37. Kb3 1-0


[Site "https://www.chess.com"]

[Event "Titled Tuesday Blitz March 01 Early 2022"]
[White "Vokhidov, Shamsiddin"]
[Black "Djokic, Mihailo"]
[WhiteFideId "14204223"]
[BlackFideId "976440"]
[WhiteElo "2992"]
[BlackElo "2651"]
[Result "1-0"]
[Round "02"]
[TimeControl "180+1"]
[Date "2022.03.01"]
[WhiteClock "0:00:18"]
[BlackClock "0:00:03"]

1. e4 c5 2. Nf3 d6 3. d4 cxd4 4. Nxd4 Nf6 5. Nc3 g6 6. Be3 Bg7 7. f3 O-O 8. Qd2 Nc6 9. O-O-O Bd7 10. h4 Rc8 11. h5 Nxh5 12. Nxc6 Rxc6 13. Bd4 Bxd4 14. Qxd4 Qa5 15. Bb5 Rxc3 16. Bxd7 Rc7 17. Ba4 Rfc8 18. Bb3 Qg5+ 19. Rd2 b6 20. Kb1 Nf6 21. Re2 Rc5 22. Rhe1 Qe5 23. Qf2 g5 24. g3 Nh5 25. Rg1 Kg7 26. f4 Qf6 27. Qf3 gxf4 28. gxf4+ Kf8 29. e5 Qh6 30. Rh2 Qxf4 31. Qxh5 Rxe5 32. Qxh7 Ke8 33. Rh4 Qf2 34. Rd1 Re1 35. Qxf7+ Kd7 36. Ba4+ Kc7 37. Rc4+ Kb7 38. Qd5+ Kb8 39. Rxc8+ Kxc8 40. Qa8+ Kc7 41. Qxa7+ Kc8 42. Qa6+ Kc7 43. Qc4+ Kb8 44. Qd3 Qg1 45. c3 Rxd1+ 46. Bxd1 Qc5 47. a3 e5 48. Bf3 Qg1+ 49. Ka2 Qc5 50. Qd5 1-0


[Site "https://www.chess.com"]

[Event "Titled Tuesday Blitz March 01 Early 2022"]
[White "Wachinger, Guenther"]
[Black "Decuigniere, Tom"]
[WhiteFideId "4604261"]
[BlackFideId "26093820"]
[WhiteElo "2212"]
[BlackElo "1997"]
[Result "1-0"]
[Round "02"]
[TimeControl "180+1"]
[Date "2022.03.01"]
[WhiteClock "0:02:17"]
[BlackClock "0:02:17"]

1. e4 c6 2. c4 d5 3. cxd5 cxd5 4. exd5 Nf6 5. Nc3 Nxd5 6. Nf3 Nc6 7. Bb5 Bg4 8. Qa4 Bxf3 9. Bxc6+ bxc6 10. Qxc6+ Qd7 11. Qxa8+ Qd8 12. Qc6+ Qd7 13. Qa8+ Qd8 14. Qxd8+ Kxd8 15. gxf3 1-0


[Site "https://www.chess.com"]

[Event "Titled Tuesday Blitz March 01 Early 2022"]
[White "Warmerdam, Max"]
[Black "Risteski, Emil"]
[WhiteFideId "1048104"]
[BlackFideId "15005267"]
[WhiteElo "2537"]
[BlackElo "2070"]
[Result "1-0"]
[Round "02"]
[TimeControl "180+1"]
[Date "2022.03.01"]
[WhiteClock "0:02:00"]
[BlackClock "0:00:09"]

1. e4 c5 2. Nf3 d6 3. Bb5+ Bd7 4. Bxd7+ Qxd7 5. c4 e5 6. Nc3 Nc6 7. O-O Be7 8. a3 Nf6 9. Rb1 O-O 10. b4 b6 11. d3 Ne8 12. Be3 f5 13. exf5 Rxf5 14. Nd2 Nc7 15. Nde4 Raf8 16. b5 Nd8 17. a4 Nde6 18. a5 Nd4 19. Bxd4 exd4 20. axb6 axb6 21. Na4 Na8 22. Qg4 Qd8 23. Ra1 d5 24. cxd5 Qxd5 25. Nb2 Qb3 26. Rfb1 Qc2 27. Qd1 Qxd1+ 28. Rxd1 Nc7 29. Ra7 Bd8 30. Nd6 R5f6 31. Nbc4 Rxf2 32. Ne5 Nd5 33. Ndc4 Ne3 34. Nxe3 dxe3 35. Re1 e2 36. Nf3 R2xf3 37. gxf3 Re8 38. Ra8 Kf7 39. f4 h5 40. Kg2 g6 41. Kf3 Bf6 42. Rxe8 Kxe8 43. Rxe2+ Kf7 44. Ra2 Bd8 45. Ra8 Ke6 46. Rxd8 1-0


[Site "https://www.chess.com"]

[Event "Titled Tuesday Blitz March 01 Early 2022"]
[White "Weetik, Vjacheslav"]
[Black "Todorovic, Bojan"]
[WhiteFideId "4153472"]
[BlackFideId "917087"]
[WhiteElo "2469"]
[BlackElo "2266"]
[Result "1-0"]
[Round "02"]
[TimeControl "180+1"]
[Date "2022.03.01"]
[WhiteClock "0:00:14"]
[BlackClock "0:00:27"]

1. d4 g6 2. e4 Bg7 3. Nc3 a6 4. a4 d6 5. Nf3 Nc6 6. h3 e5 7. Bg5 Nge7 8. Nd5 O-O 9. dxe5 h6 10. Bf6 Be6 11. exd6 cxd6 12. Bxg7 Kxg7 13. Be2 Bxd5 14. exd5 Qa5+ 15. c3 Qxd5 16. O-O Ne5 17. Qc2 N7c6 18. Rad1 Qe6 19. Rfe1 Qf6 20. Rd5 Ne7 21. Rd2 Rac8 22. Red1 Nf5 23. Nd4 Nh4 24. Bf1 Rfe8 25. a5 Qg5 26. Kh1 Rc5 27. b4 Rc7 28. Qb2 Rce7 29. c4 Nc6 30. Ne6+ 1-0


[Site "https://www.chess.com"]

[Event "Titled Tuesday Blitz March 01 Early 2022"]
[White "Yanayt, Eugene"]
[Black "Tarhan, Adar"]
[WhiteFideId "2020165"]
[BlackFideId "34544712"]
[WhiteElo "2046"]
[BlackElo "1802"]
[Result "0-1"]
[Round "02"]
[TimeControl "180+1"]
[Date "2022.03.01"]
[WhiteClock "0:00:03"]
[BlackClock "0:01:12"]

1. d4 d5 2. c4 c6 3. Nf3 Nf6 4. g3 dxc4 5. Bg2 a6 6. O-O b5 7. Ne5 Bb7 8. b3 cxb3 9. Qxb3 e6 10. Rd1 Qc7 11. a4 Bd6 12. Nc3 Nbd7 13. Nd3 O-O 14. e4 e5 15. d5 cxd5 16. exd5 Rfc8 17. Bb2 b4 18. Ne4 Nxe4 19. Bxe4 a5 20. Rac1 Qd8 21. f4 exf4 22. Nxf4 Bxf4 23. gxf4 Nf6 24. Qg3 Rxc1 25. Rxc1 Bxd5 26. Bxd5 Qxd5 27. Bxf6 g6 28. Qh3 h5 29. Rc8+ Kh7 30. Rxa8 Qxa8 31. Qe3 Qd5 32. Qe8 Qd1+ 33. Kg2 Qg4+ 34. Kh1 Qf3+ 35. Kg1 Qg4+ 36. Kh1 Qd1+ 37. Kg2 Qd5+ 38. Kg3 Qd3+ 39. Kh4 g5+ 40. Kxg5 Qg6+ 41. Kh4 Qg4# 0-1


[Site "https://www.chess.com"]

[Event "Titled Tuesday Blitz March 01 Early 2022"]
[White "Yang, Kaiqi"]
[Black "Beerdsen, Thomas"]
[WhiteFideId "8604398"]
[BlackFideId "1030108"]
[WhiteElo "2373"]
[BlackElo "2585"]
[Result "0-1"]
[Round "02"]
[TimeControl "180+1"]
[Date "2022.03.01"]
[WhiteClock "0:00:01"]
[BlackClock "0:00:38"]

1. c4 e5 2. Nc3 Nf6 3. Nf3 e4 4. Ng5 c6 5. Ngxe4 Nxe4 6. Nxe4 d5 7. Ng3 h5 8. e3 h4 9. Ne2 dxc4 10. Nc3 Be6 11. d3 cxd3 12. Qxd3 Nd7 13. Bd2 Qb6 14. Qc2 O-O-O 15. Na4 Qc7 16. O-O-O Bxa2 17. b3 Ba3+ 18. Nb2 Nc5 19. Bc4 Qb6 20. b4 Bxc4 21. bxc5 Qb3 22. Bc3 Qa2 23. Bxg7 Rhg8 24. Bf6 Rd5 25. Rxd5 Bxd5 26. Be5 Rxg2 27. Qf5+ Be6 28. Qf6 Qa1+ 29. Kc2 Qxh1 30. Qh8+ Kd7 0-1


[Site "https://www.chess.com"]

[Event "Titled Tuesday Blitz March 01 Early 2022"]
[White "Yilmaz, Mustafa"]
[Black "Potapova, Margarita"]
[WhiteFideId "6302718"]
[BlackFideId "14126869"]
[WhiteElo "2917"]
[BlackElo "2631"]
[Result "1-0"]
[Round "02"]
[TimeControl "180+1"]
[Date "2022.03.01"]
[WhiteClock "0:00:18"]
[BlackClock "0:00:01"]

1. c4 Nf6 2. Nc3 e6 3. e4 d5 4. cxd5 exd5 5. e5 Ne4 6. Nf3 Be7 7. Be2 O-O 8. O-O c5 9. d4 Nc6 10. dxc5 Be6 11. Bf4 Bxc5 12. Rc1 Be7 13. a3 Rc8 14. Nb5 f6 15. Nbd4 Bg4 16. exf6 Bxf6 17. Be3 Re8 18. h3 Bh5 19. Re1 Ng3 20. Bb5 Bxd4 21. Bxd4 Rxe1+ 22. Qxe1 Ne4 23. Bxc6 bxc6 24. b4 Bxf3 25. gxf3 Qg5+ 26. Kf1 Nd2+ 27. Ke2 Nb3 28. Be3 Nxc1+ 29. Qxc1 Qe5 30. Qc5 Qe6 31. Qxa7 Rd8 32. Qd4 Qf5 33. h4 Rf8 34. Qg4 Qc2+ 35. Kf1 Qb1+ 36. Kg2 Qg6 37. a4 Ra8 38. a5 Kf7 39. h5 Qxg4+ 40. fxg4 Ke6 41. f4 Kd6 42. Bc5+ Ke6 43. Kf3 g6 44. h6 Ra6 45. Ke3 Ra8 46. Bd4 Kd6 47. f5 gxf5 48. g5 Rg8 49. Bg7 Ke6 50. g6 hxg6 51. h7 d4+ 52. Kd3 Rxg7 53. h8=Q Kf6 54. a6 Kf7 55. a7 1-0


[Site "https://www.chess.com"]

[Event "Titled Tuesday Blitz March 01 Early 2022"]
[White "Yuan, Qingyu"]
[Black "Rangel, Daniel"]
[WhiteFideId "8609772"]
[BlackFideId "2124475"]
[WhiteElo "2359"]
[BlackElo "2187"]
[Result "0-1"]
[Round "02"]
[TimeControl "180+1"]
[Date "2022.03.01"]
[WhiteClock "0:00:04"]
[BlackClock "0:00:05"]

1. e4 c6 2. Nf3 d5 3. Nc3 dxe4 4. Nxe4 Nf6 5. Qe2 Nxe4 6. Qxe4 Nd7 7. d4 Nf6 8. Qf4 g6 9. Bc4 Bg7 10. O-O O-O 11. Re1 Bf5 12. c3 Rc8 13. h3 c5 14. dxc5 Rxc5 15. Be3 Nd5 16. Bxd5 Rxd5 17. a4 e5 18. Qb4 b6 19. a5 bxa5 20. Qb7 Be4 21. Bg5 f6 22. Bxf6 Rxf6 23. Rxe4 Rb6 24. Qxa7 Rxb2 25. Rc4 Bf8 26. Qa6 Rb6 27. Qa7 Rd7 28. Qxa5 Rb1+ 29. Kh2 Rxa1 30. Qxa1 Rd1 31. Qa6 Bd6 32. Re4 Qb8 33. Qa2+ Kh8 34. g3 Qb6 35. Ng5 Rb1 36. Nf7+ Kg7 37. Ng5 Rb2 38. Qf7+ Kh6 39. Kg2 Kxg5 40. Rg4+ Kh6 41. Rh4+ Kg5 42. Rxh7 Qc6+ 43. Kh2 Bc5 44. h4+ Kg4 45. Rg7 Rxf2+ 46. Kg1 Rxf7+ 47. Kh2 Qf3 48. Rxg6+ Kh5 49. Rg5+ Kh6 50. Kh3 Qf2 51. Kg4 Kh7 52. Rh5+ Kg7 53. Rxe5 Kf8 54. Rf5 Qxf5# 0-1


[Site "https://www.chess.com"]

[Event "Titled Tuesday Blitz March 01 Early 2022"]
[White "Zanette, Edgard Vinicius"]
[Black "Odegov, Artem"]
[WhiteFideId "2109263"]
[BlackFideId "34183644"]
[WhiteElo "2182"]
[BlackElo "2277"]
[Result "1-0"]
[Round "02"]
[TimeControl "180+1"]
[Date "2022.03.01"]
[WhiteClock "0:00:25"]
[BlackClock "0:00:03"]

1. e4 e6 2. d4 d5 3. Nc3 Bb4 4. e5 c5 5. Bd2 Ne7 6. Nb5 Bxd2+ 7. Qxd2 O-O 8. Nf3 Nbc6 9. c3 a6 10. Nd6 cxd4 11. cxd4 f6 12. Nxc8 Rxc8 13. exf6 Rxf6 14. Bd3 Qd6 15. O-O Rcf8 16. Be2 Ng6 17. Ne1 Nf4 18. Bf3 e5 19. dxe5 Nxe5 20. Bd1 Nc4 21. Qd4 Re6 22. b3 Re4 23. Qc3 Ne5 24. f3 d4 25. Qd2 Re3 26. Nc2 Rd3 27. Qb4 Qg6 28. Ne1 Nd5 29. Qxb7 Nc3 30. Nxd3 Qxd3 31. Qe7 Qe3+ 32. Kh1 d3 33. b4 d2 34. Bb3+ Nf7 35. Qxe3 1-0


[Site "https://www.chess.com"]

[Event "Titled Tuesday Blitz March 01 Early 2022"]
[White "Zavgorodniy, Sergiy"]
[Black "Molina, Roberto Junio Brito"]
[WhiteFideId "14110148"]
[BlackFideId "2109450"]
[WhiteElo "2420"]
[BlackElo "2402"]
[Result "1/2-1/2"]
[Round "02"]
[TimeControl "180+1"]
[Date "2022.03.01"]
[WhiteClock "0:00:21"]
[BlackClock "0:00:36"]

1. e4 c6 2. d4 d5 3. exd5 cxd5 4. c4 Nf6 5. Nc3 e6 6. Nf3 Be7 7. cxd5 Nxd5 8. Bd3 O-O 9. O-O Nc6 10. Re1 Nf6 11. Bg5 b6 12. Ne5 Bb7 13. Ba6 Qc8 14. Qf3 Nd8 15. Bxb7 Qxb7 16. Qxb7 Nxb7 17. Nc6 Bd6 18. Bxf6 gxf6 19. d5 Rfe8 20. Rad1 f5 21. Nb5 e5 22. Nxd6 Nxd6 23. Nxe5 Kg7 24. Nc6 a5 25. Kf1 a4 26. Rxe8 Rxe8 27. Rd4 b5 28. f3 Rc8 29. Kf2 Kf6 30. Rd1 Rc7 31. Ke2 Nc4 32. b3 axb3 33. axb3 Nb6 34. Ke3 Nxd5+ 35. Rxd5 Rxc6 36. Rxb5 Rc2 37. g3 Rxh2 38. Rb6+ Kg5 39. Rb7 Kg6 40. Kf4 h5 41. b4 h4 42. gxh4 Rxh4+ 43. Ke3 Rh1 44. b5 Rb1 45. b6 Rb3+ 46. Kf4 Kf6 47. Rb8 Rb4+ 48. Ke3 Rb3+ 49. Kf4 Rb4+ 50. Kg3 Ke5 51. b7 Kf6 52. Kf2 Rb3 53. Ke2 f4 54. Kd2 Kf5 55. Kc2 Rb6 56. Kc3 f6 57. Kc4 Rb1 58. Kc5 Rc1+ 59. Kd6 Rd1+ 60. Kc6 Rc1+ 61. Kd7 Rd1+ 62. Ke7 Rb1 63. Kf7 Rb2 64. Ke7 Rb3 65. Kd7 Rb1 66. Kc6 Rc1+ 67. Kd6 Rb1 68. Kc6 Rc1+ 1/2-1/2


[Site "https://www.chess.com"]